Map: Rorschach LE

Players

Pimba

  • Race: Terran Terran
  • League: Grandmaster

universe - Winner!

  • Race: Terran Terran
  • League: Grandmaster

VOD

Have the link to the VOD?

Description

Time

  • Played on: June 27, 2026, 4:35 a.m.
  • Length: 24:18
Show
View Real Time Build Order
Export as new Build Order

Pimba Terran 

Build Orders:  

Get SALT Encoding   

  8  0:00  SCV  
  9  0:12  SCV  
  10  0:24  SCV  
  11  0:33  Supply Depot  
  11  0:36  SCV  
  12  0:48  SCV  
  13  0:55  Barracks  
  13  1:01  Refinery  
  13  1:06  SCV  
  14  1:20  Barracks  
  14  1:24  SCV  
  15  1:42  Orbital Command  
  15  1:45  Reaper  
  16  2:07  Reaper  
  16  2:08  SCV  
  18  2:11  Supply Depot  
  18  2:20  SCV  
  19  2:24  Reaper  
  20  2:32  SCV  
  21  2:39  Reaper  
  22  2:44  Command Center  
  22  2:54  SCV  
  22  2:57  Refinery  
  22  2:58  Reaper  
  24  3:10  SCV  
  25  3:22  SCV  
  25  3:23  Barracks Reactor  
  26  3:27  Bunker  
  26  3:28  Supply Depot  
  26  3:34  SCV  
  26  3:37  Barracks Tech Lab  
  27  3:45  Factory  
  27  3:47  SCV  
  28  3:56  Marine  
  28  3:58  Orbital Command  
  28  3:59  SCV  
  28  4:01  Marine  
  28  4:02  Marine  
  32  4:05  Stimpack  
  32  4:11  SCV  
  32  4:14  Marine  
  34  4:19  Marine  
  34  4:22  Marine  
  34  4:23  SCV x2  
  38  4:35  SCV  
  39  4:39  SCV  
  39  4:43  Marine x2  
  42  4:47  Starport  
  42  4:49  SCV  
  42  4:50  Engineering Bay  
  42  4:52  SCV  
  44  5:01  SCV  
  44  5:02  Marine x3  
  44  5:03  Factory Reactor  
  44  5:04  SCV  
  49  5:10  Supply Depot x2  
  49  5:13  SCV  
  49  5:16  SCV  
  49  5:19  Terran Infantry Weapons Level 1  
  37  5:35  SCV  
  37  5:36  SCV  
  37  5:41  Marine x3  
  42  5:45  Medivac  
  42  5:46  Medivac  
  42  5:47  Factory Tech Lab  
  42  5:48  SCV x2  
  48  5:53  Combat Shield  
  48  6:00  SCV x2, Marine  
  51  6:09  Supply Depot  
  50  6:11  Missile Turret  
  50  6:12  SCV  
  50  6:13  SCV  
  49  6:19  Marine  
  49  6:24  SCV  
  49  6:25  SCV  
  51  6:27  Missile Turret  
  51  6:32  Marine  
  52  6:36  SCV  
  52  6:37  SCV  
  54  6:41  Liberator  
  57  6:48  SCV  
  57  6:49  SCV  
  57  6:50  Cyclone  
  57  6:53  Marine  
  63  6:59  Supply Depot  
  63  7:00  SCV  
  64  7:03  SCV  
  65  7:12  Marine  
  65  7:18  Marine x2  
  65  7:21  SCV x2  
  69  7:29  Command Center  
  69  7:33  SCV, Terran Infantry Armor Level 1  
  71  7:43  Armory  
  71  7:45  SCV  
  71  7:48  SCV  
  71  7:49  Engineering Bay, Marine x3  
  75  7:58  SCV  
  76  8:00  SCV  
  74  8:08  Marine x3  
  74  8:10  SCV  
  74  8:12  SCV  
  73  8:22  SCV  
  73  8:24  SCV  
  73  8:25  Marine  
  76  8:31  Marine x2  
  76  8:32  Viking x2  
  76  8:33  Terran Infantry Weapons Level 2  
  82  8:34  SCV  
  81  8:49  Marine x2  
  81  8:52  Orbital Command  
  81  8:53  SCV x2  
  81  8:54  Siege Tank  
  88  9:01  Barracks x3  
  88  9:03  Command Center  
  88  9:05  SCV  
  88  9:11  Marine x3  
  88  9:14  SCV  
  88  9:16  Terran Vehicle Weapons Level 1  
  92  9:18  Refinery  
  92  9:20  Refinery, SCV x2  
  94  9:26  SCV  
  95  9:33  Supply Depot  
  95  9:37  SCV x2  
  95  9:45  Supply Depot  
  95  9:46  Marine x3, Supply Depot  
  98  9:53  SCV  
  87  10:02  Barracks Reactor  
  87  10:03  Barracks Reactor, Marine x2  
  87  10:04  Barracks Reactor  
  87  10:05  Siege Tank, SCV  
  93  10:09  SCV x2  
  93  10:11  Medivac x2  
  99  10:18  Missile Turret  
  99  10:19  SCV  
  100  10:21  Refinery  
  100  10:22  SCV  
  100  10:23  Refinery  
  100  10:24  SCV  
  100  10:27  Marine x3  
  105  10:31  SCV  
  105  10:34  SCV  
  107  10:36  Planetary Fortress  
  110  10:45  Marine  
  110  10:46  Terran Infantry Armor Level 2  
  110  10:47  Marine x8  
  116  10:50  SCV, Supply Depot  
  116  10:51  Supply Depot  
  117  10:58  SCV  
  117  11:00  Factory Tech Lab  
  117  11:02  Marine  
  119  11:05  Marine x2, SCV  
  119  11:06  Missile Turret  
  117  11:11  Marine x2  
  117  11:12  Terran Infantry Weapons Level 3  
  117  11:14  SCV  
  117  11:18  SCV x2  
  115  11:21  SCV  
  116  11:26  SCV  
  116  11:29  Missile Turret  
  116  11:30  SCV x2  
  119  11:33  SCV  
  120  11:41  Marine  
  120  11:43  Marine x7  
  120  11:44  Marine  
  120  11:45  Siege Tank, Medivac x2, Missile Turret  
  136  11:48  Factory  
  136  11:49  SCV  
  136  11:51  SCV, Refinery  
  136  11:53  Refinery  
  138  11:55  SCV  
  138  11:56  Terran Vehicle Weapons Level 2  
  138  11:58  SCV  
  138  11:59  Marine  
  141  12:06  Barracks x2  
  141  12:14  Marine  
  141  12:15  Marine x6  
  148  12:18  Marine  
  148  12:19  Siege Tank  
  148  12:21  SCV  
  153  12:28  SCV x2  
  125  12:40  SCV  
  124  12:47  SCV x3  
  127  12:52  SCV  
  127  12:57  Marine x9  
  137  12:58  Sensor Tower  
  137  12:59  Factory Tech Lab, SCV x3  
  137  13:04  SCV  
  141  13:11  SCV x2  
  141  13:12  SCV  
  112  13:15  Marine x3  
  105  13:20  Marine x5  
  105  13:21  Marine  
  111  13:28  Siege Tank x2  
  111  13:31  SCV  
  111  13:32  Marine  
  111  13:33  Marine x2  
  121  13:35  SCV  
  121  13:38  Marine x2  
  124  13:42  Barracks Reactor  
  124  13:43  Barracks Reactor  
  124  13:45  SCV  
  119  14:03  Marine x8  
  119  14:04  Marine, Siege Tank x2  
  119  14:06  Medivac  
  119  14:07  Medivac  
  138  14:10  SCV  
  138  14:11  SCV  
  138  14:12  SCV x2  
  138  14:16  Terran Infantry Armor Level 3  
  142  14:21  Marine x3  
  145  14:24  Factory  
  145  14:26  Marine  
  145  14:31  Terran Vehicle Weapons Level 3  
  146  14:32  Sensor Tower  
  146  14:33  Marine  
  146  14:34  Marine x4  
  146  14:37  Marine  
  146  14:38  Siege Tank  
  155  14:43  Siege Tank, Supply Depot x2  
  155  14:45  Marine x2  
  159  14:48  SCV  
  161  14:55  SCV  
  140  15:08  Marine  
  140  15:09  Marine x11  
  140  15:10  Siege Tank  
  132  15:21  Factory Tech Lab  
  132  15:27  SCV x3  
  135  15:28  Marine  
  135  15:29  Marine x12  
  120  15:43  Siege Tank x3  
  120  15:44  Medivac x2  
  120  15:45  SCV  
  120  15:46  Marine x3  
  120  15:47  SCV  
  138  15:53  Missile Turret  
  138  15:55  Command Center  
  138  16:01  Sensor Tower  
  133  16:06  SCV  
  133  16:10  Marine x13  
  132  16:28  Marine x9  
  132  16:30  Siege Tank x2  
  147  16:42  Marine x3  
  147  16:43  Marine, Medivac x2  
  147  16:44  SCV  
  147  16:45  SCV  
  151  16:52  SCV, Marine  
  151  16:53  Marine x8  
  151  16:54  SCV  
  155  17:02  SCV  
  152  17:10  Marine x7  
  152  17:11  Marine x5, Siege Tank x2  
  152  17:14  SCV  
  171  17:18  Liberator x2  
  171  17:20  SCV  
  172  17:34  SCV  
  172  17:35  SCV  
  166  17:57  SCV  
  150  18:05  Marine x10  
  132  18:06  Marine  
  132  18:11  Command Center  
  132  18:12  Marine  
  141  18:14  Marine  
  141  18:16  Planetary Fortress  
  141  18:19  Refinery  
  142  18:22  Sensor Tower  
  142  18:23  Marine x10  
  152  18:28  Marine  
  152  18:29  Siege Tank x2, Marine  
  152  18:30  SCV  
  152  18:31  Marine  
  162  18:42  Marine  
  162  18:43  Marine x2  
  165  18:54  Refinery  
  165  18:56  Marine  
  165  18:57  Marine x4  
  165  18:58  Marine x3, Command Center  
  165  19:00  SCV  
  165  19:02  Factory  
  169  19:13  Marine  
  169  19:15  Marine x8  
  169  19:16  Siege Tank x2  
  177  19:29  Orbital Command  
  177  19:34  Marine  
  177  19:35  Marine  
  173  19:48  Siege Tank x2  
  151  19:58  Marine x13  
  151  19:59  Medivac x2  
  159  20:00  SCV  
  139  20:16  Marine  
  128  20:26  Marine x2  
  128  20:27  Marine x9, Siege Tank x2  
  128  20:28  SCV x2  
  147  20:29  SCV  
  148  20:45  SCV  
  148  20:48  SCV  
  149  20:55  Marine x2  
  149  20:56  Marine x10, SCV  
  162  21:01  SCV x2  
  164  21:09  Marine  
  164  21:10  Siege Tank x2  
  165  21:13  Marine x4  
  165  21:14  SCV x2  
  165  21:16  Command Center  
  151  21:33  Marine  
  151  21:34  Marine x7  
  153  21:42  Marine  
  153  21:43  Marine  
  153  21:44  Marine  
  153  21:45  SCV  
  155  21:55  SCV x2  
  155  21:56  Sensor Tower  
  155  21:57  Marine x8  
  155  21:58  Siege Tank x2  
  134  22:09  Marine x5  
  134  22:15  Marine  
  134  22:18  Marine x4  
  134  22:19  Marine x2  
  134  22:22  SCV  
  142  22:26  Marine  
  142  22:27  Marine  
  142  22:28  Factory Tech Lab  
  142  22:29  Medivac x2  
  148  22:32  SCV  
  148  22:34  SCV  
  147  22:38  Planetary Fortress  
  147  22:41  Marine x8  
  147  22:43  Siege Tank  
  153  22:56  Marine  
  147  23:06  Marine  
  147  23:07  Marine x5  
  147  23:09  Siege Tank x2  
  147  23:10  SCV  
  162  23:15  Siege Tank, Refinery  
  162  23:17  Refinery  
  162  23:19  SCV, Marine x2  
  162  23:27  Marine x2  
  162  23:28  Medivac x2  
  170  23:34  Marine  
  170  23:35  Marine x2  
  170  23:37  Marine x2  
  170  23:39  Barracks  
  170  23:40  Barracks x2  
  173  23:44  Barracks Reactor  
  173  23:45  Command Center, SCV  
  173  23:48  SCV  
  175  23:54  Marine x5  
  175  23:55  Marine x2  
  182  24:00  SCV  
Show
View Real Time Build Order
Export as new Build Order

universe Terran - Winner!

Build Orders:  

Get SALT Encoding   

  8  0:00  SCV  
  9  0:12  SCV  
  10  0:24  SCV  
  11  0:36  SCV  
  11  0:41  Supply Depot  
  12  0:49  SCV  
  13  1:02  SCV  
  14  1:04  Barracks  
  14  1:11  Refinery  
  14  1:15  SCV  
  15  1:20  Refinery  
  15  1:27  SCV  
  16  1:39  SCV  
  17  1:52  Orbital Command  
  17  1:53  Reaper  
  18  1:55  Supply Depot  
  18  2:15  Factory  
  18  2:19  SCV  
  19  2:26  Reaper  
  20  2:31  SCV  
  21  2:43  SCV  
  22  2:56  SCV  
  23  2:59  Reaper, Hellion  
  26  3:08  SCV, Command Center  
  27  3:17  Supply Depot  
  27  3:20  SCV  
  27  3:26  Starport  
  28  3:32  Barracks Reactor  
  28  3:39  Hellion  
  30  3:44  SCV  
  30  3:45  Supply Depot  
  31  3:56  SCV  
  32  4:08  Supply Depot, SCV  
  32  4:09  Factory Tech Lab, Starport Tech Lab  
  33  4:17  Refinery  
  33  4:20  Orbital Command, SCV  
  33  4:22  Marine x2  
  34  4:32  SCV  
  34  4:38  Cyclone  
  38  4:41  Banshee  
  38  4:42  Marine x2  
  43  4:46  SCV x2  
  43  4:50  Cloaking Field  
  45  4:58  SCV x2  
  47  5:01  Supply Depot  
  47  5:05  Marine x2  
  49  5:10  SCV  
  50  5:24  SCV x2  
  52  5:34  Siege Tank  
  52  5:36  SCV x2  
  52  5:38  Marine  
  52  5:39  Marine, Banshee  
  59  5:45  Command Center  
  59  5:48  SCV x2  
  61  5:51  Supply Depot  
  61  5:58  Marine x2  
  61  6:00  SCV x2  
  65  6:04  Refinery  
  65  6:06  Siege Tank  
  68  6:18  Marine x2  
  68  6:25  Banshee  
  67  6:26  SCV  
  67  6:27  SCV  
  72  6:36  Barracks x2, Supply Depot  
  72  6:37  Engineering Bay  
  72  6:38  SCV  
  72  6:39  SCV  
  74  6:40  Engineering Bay  
  74  6:42  Siege Tank  
  74  6:44  Marine x2  
  79  6:51  SCV x2  
  81  6:58  Orbital Command  
  81  7:03  SCV x2  
  83  7:17  SCV x2  
  85  7:23  Viking x2  
  85  7:24  Stimpack  
  85  7:25  Siege Tank  
  85  7:28  Barracks Reactor x2  
  85  7:29  SCV  
  94  7:30  SCV, Terran Infantry Weapons Level 1  
  94  7:31  Terran Infantry Armor Level 1, Supply Depot  
  94  7:33  Marine  
  95  7:41  Supply Depot  
  95  7:42  Supply Depot  
  95  7:48  SCV x2  
  97  7:55  Sensor Tower  
  97  7:57  Siege Tank  
  97  8:00  Viking x2  
  97  8:03  SCV  
  97  8:04  SCV  
  102  8:11  Marine x2  
  104  8:20  Marine x2  
  104  8:21  Marine  
  104  8:22  SCV x2  
  109  8:29  SCV  
  109  8:30  Medivac x2, Marine x2  
  109  8:34  SCV  
  117  8:38  Marine x2  
  119  8:42  Orbital Command  
  113  8:56  SCV x2  
  113  9:00  Marine x5  
  113  9:01  Siege Tank  
  123  9:08  Supply Depot, SCV  
  123  9:09  Supply Depot, Armory, Barracks x2  
  124  9:12  Medivac  
  124  9:14  Combat Shield  
  124  9:15  Sensor Tower, SCV  
  127  9:26  Marine x4  
  127  9:27  Medivac, SCV x2  
  127  9:30  SCV  
  116  9:31  Marine  
  116  9:36  Siege Tank  
  118  9:39  SCV  
  118  9:40  SCV  
  118  9:43  SCV  
  118  9:44  Marine x4  
  125  9:49  Marine  
  125  9:51  SCV  
  127  9:53  SCV  
  127  9:55  SCV  
  128  10:00  Marine  
  128  10:01  Barracks Reactor  
  128  10:02  Marine x3  
  128  10:03  Refinery x2  
  128  10:04  Marine  
  128  10:05  Command Center  
  128  10:06  SCV  
  128  10:07  Marine  
  135  10:18  Missile Turret  
  135  10:19  Terran Infantry Weapons Level 2, Terran Infantry Armor Level 2, Missile Turret  
  135  10:20  Marine x2, Missile Turret x2  
  138  10:21  Missile Turret  
  138  10:23  Missile Turret  
  138  10:30  Marine  
  138  10:32  Barracks Reactor  
  138  10:33  Marine x2  
  138  10:34  Medivac x2  
  144  10:38  Siege Tank, Marine x2  
  144  10:39  SCV x2, Factory  
  151  10:43  Supply Depot  
  151  10:44  Supply Depot  
  151  10:45  Supply Depot  
  151  10:53  Marine x5, Refinery, SCV  
  151  10:55  Marine  
  156  11:04  Medivac  
  151  11:15  Marine  
  151  11:16  Marine x7  
  147  11:23  Siege Tank  
  149  11:33  Barracks, Marine x6  
  149  11:34  Marine x2, Barracks x2  
  149  11:36  Barracks Reactor  
  149  11:38  Siege Tank  
  160  11:47  Sensor Tower  
  160  11:51  Marine x5  
  160  11:53  Supply Depot  
  165  11:55  Siege Tank, Planetary Fortress  
  165  11:59  Command Center  
  165  12:00  Medivac x2  
  172  12:05  Marine  
  172  12:06  Marine x2  
  175  12:08  Marine  
  175  12:09  Marine x4  
  175  12:12  Supply Depot  
  175  12:13  Supply Depot  
  179  12:17  Siege Tank  
  179  12:20  Marine, Sensor Tower, Barracks Reactor x2  
  179  12:21  Barracks Reactor  
  183  12:27  Siege Tank  
  180  12:40  Marine x2  
  180  12:41  Marine  
  175  12:47  Marine  
  175  12:48  Marine x6  
  175  12:50  Siege Tank  
  179  12:55  Terran Infantry Weapons Level 3, Terran Infantry Armor Level 3  
  179  12:57  Marine  
  179  12:58  Marine x8  
  180  12:59  Siege Tank  
  180  13:05  Marine  
  191  13:06  Marine x6  
  168  13:15  Marine  
  168  13:16  Marine x6  
  151  13:23  Marine  
  151  13:24  Marine x6, Siege Tank  
  161  13:33  Marine  
  161  13:34  Marine x6  
  160  13:40  Terran Vehicle Weapons Level 1  
  160  13:41  Marine x5  
  166  13:42  Marine x2  
  166  13:43  SCV x3  
  176  13:49  Barracks Reactor  
  176  13:51  Marine x2  
  176  13:52  Marine x5, Missile Turret x2  
  176  13:53  Missile Turret  
  176  13:55  SCV x2  
  185  13:59  Marine x2  
  187  14:02  Planetary Fortress  
  187  14:03  Marine  
  187  14:04  Marine x4  
  187  14:09  Marine x4  
  194  14:13  Medivac  
  194  14:14  Medivac  
  200  14:22  Command Center  
  200  14:39  Command Center  
  200  14:41  Command Center  
  200  14:44  Sensor Tower  
  190  15:12  Marine x3  
  190  15:13  Marine x10  
  198  15:17  Refinery  
  198  15:18  Refinery  
  198  15:22  Marine  
  183  15:42  Marine  
  163  15:43  Marine x6  
  163  15:44  Marine x4  
  163  15:45  Marine x5  
  163  15:46  Siege Tank x2  
  163  15:48  Liberator x2  
  190  15:52  Orbital Command  
  190  15:53  Orbital Command  
  190  15:54  Orbital Command  
  190  16:00  Marine x3  
  190  16:01  Marine x4  
  190  16:02  Marine  
  198  16:07  Marine x3  
  198  16:10  Marine  
  195  16:30  Liberator  
  198  16:35  Marine x2  
  200  16:44  Command Center  
  200  17:08  Marine x8  
  178  17:09  Marine x8  
  178  17:12  Medivac  
  178  17:13  Medivac  
  196  17:26  Marine x4  
  200  17:31  Terran Vehicle Weapons Level 2  
  188  18:03  Marine x8  
  188  18:04  Marine x8  
  177  18:06  Planetary Fortress  
  172  18:16  Siege Tank  
  172  18:17  Siege Tank  
  178  18:20  Medivac x2  
  178  18:21  Marine x14  
  178  18:22  Marine x2  
  198  18:38  Marine  
  198  18:39  Marine  
  200  18:56  Refinery  
  200  18:57  Refinery  
  200  19:00  Command Center  
  193  19:13  Command Center  
  193  19:14  Marine  
  193  19:15  Marine x15  
  193  19:16  Siege Tank  
  198  19:27  Command Center  
  198  19:32  Marine  
  198  19:33  Marine  
  193  19:48  Marine  
  163  19:53  Marine x5  
  163  19:56  Marine  
  163  19:57  Marine x9  
  163  19:59  Siege Tank x2  
  180  20:00  Liberator x2  
  180  20:06  Marine  
  187  20:10  Marine  
  187  20:11  Marine x4  
  169  20:14  Marine x6  
  169  20:15  Marine x4  
  153  20:24  Marine  
  149  20:28  Marine  
  149  20:29  Marine x4, Orbital Command  
  149  20:30  Orbital Command  
  149  20:31  Siege Tank x2  
  149  20:32  Planetary Fortress, Marine x10  
  170  20:36  Orbital Command  
  170  20:42  Marine  
  167  20:43  Liberator  
  167  20:46  Marine  
  167  20:47  Marine x4  
  167  20:49  Medivac, Marine  
  175  20:50  Marine x9  
  184  20:59  Marine  
  184  21:03  Siege Tank x2  
  191  21:04  Marine x4  
  191  21:05  Marine  
  191  21:07  Marine  
  191  21:08  Sensor Tower, Marine x3  
  200  21:21  Refinery  
  184  21:32  Marine  
  184  21:33  Marine x5  
  184  21:34  Marine x3  
  184  21:35  Marine  
  184  21:37  Medivac x2  
  188  21:44  Marine x6  
  188  21:46  Siege Tank  
  188  21:47  Siege Tank  
  194  21:50  Marine  
  194  21:51  Marine x5  
  200  22:07  Medivac  
  190  22:11  Marine  
  190  22:12  Marine x11  
  192  23:09  Medivac  
  192  23:10  Medivac, Marine x4  
  198  23:42  Command Center x2  
  198  23:45  Command Center x2  
  198  23:46  Command Center x2  
  198  23:48  Command Center  
Tags
 
Add a new tag
Caveats
  • Supply blocks, unpowered buildings, or Contaminate may cause inaccurate times.
  • Supply counts are checked every 10 seconds.